 Dungeon Crawl Stone Soup version 0.22-a0-248-gc8378ba (webtiles) character file.

262 torrenera the Insei (level 6, 0/47 HPs)
             Began as a Gnoll Transmuter on Feb 28, 2018.
             Was a Follower of Okawaru.
             Slain by Grinder (4 damage)
             ... while paralysed by Grinder
             ... on level 3 of the Dungeon.
             The game lasted 00:11:11 (3323 turns).

torrenera the Insei (Gnoll Transmuter)              Turns: 3323, Time: 00:11:11

Health: 0/47       AC:  6    Str: 12    XL:     6   Next: 18%
Magic:  8/13       EV:  2    Int: 18    God:    Okawaru [*.....]
Gold:   246        SH:  0    Dex: 15    Spells: 4/15 levels left

rFire    + . .     SeeInvis .   v - +0 war axe
rCold    . . .     Gourm    .   (no shield)
rNeg     . . .     Faith    .   b - +1 robe
rPois    .         Spirit   .   A - +2 helmet
rElec    .         Reflect  .   (no cloak)
rCorr    .         Harm     .   (no gloves)
MR       .....                  (no boots)
Stlth    +++.......             (no amulet)
HPRegen  0.15/turn              d - ring of protection from fire
MPRegen  0.13/turn              t - ring of stealth

@: paralysed
A: distributed training, fangs 1, strong nose
a: Heroism, Renounce Religion


You were on level 3 of the Dungeon.
You worshipped Okawaru.
Okawaru was aware of your devotion.
You were not hungry.

You visited 1 branch of the dungeon, and saw 3 of its levels.

You collected 246 gold pieces.

Inventory:

Hand Weapons
 v - a +0 war axe (weapon)
 y - a +0 hunting sling
Missiles
 a - 26 arrows
 g - 4 tomahawks of returning (quivered)
 m - 133 stones
 u - 7 poisoned javelins
 x - 2 poisoned tomahawks
Armour
 b - a +1 robe (worn)
 A - a +2 helmet (worn)
Jewellery
 d - a ring of protection from fire (left hand)
 j - an uncursed amulet of faith
 t - a ring of stealth (right hand)
 B - a cursed ring of loudness {unknown}
Scrolls
 e - a scroll of random uselessness {unknown}
 h - a scroll of immolation {unknown}
 i - a scroll of amnesia {unknown}
 k - a scroll of fear
 l - 4 scrolls of teleportation
 o - a scroll of remove curse {unknown}
 q - a scroll of enchant armour
 w - 3 scrolls of blinking {unknown}
Potions
 f - a potion of cancellation
 n - a potion of curing
 p - a potion of haste {unknown}
 r - a potion of invisibility {unknown}
 s - a potion of resistance {unknown}
 z - a potion of degeneration {unknown}
Comestibles
 c - 2 rations


   Skills:
 + Level 3.1 Fighting
 + Level 1.8 Short Blades
 + Level 1.8 Long Blades
 + Level 1.8 Axes
 + Level 1.8 Maces & Flails
 + Level 1.8 Polearms
 + Level 1.8 Staves
 + Level 1.8 Slings
 + Level 1.8 Bows
 + Level 1.8 Crossbows
 + Level 1.8 Throwing
 + Level 1.8 Armour
 + Level 4.9 Dodging
 + Level 1.8 Stealth
 + Level 1.8 Shields
 + Level 6.8 Unarmed Combat
 + Level 5.3 Spellcasting
 + Level 1.4 Conjurations
 + Level 1.4 Hexes
 + Level 1.4 Charms
 + Level 1.4 Summonings
 + Level 1.4 Necromancy
 + Level 1.4 Translocations
 + Level 4.0 Transmutations
 + Level 1.4 Fire Magic
 + Level 1.4 Ice Magic
 + Level 1.4 Air Magic
 + Level 1.4 Earth Magic
 + Level 1.4 Poison Magic
 + Level 2.0 Invocations
 + Level 1.8 Evocations


You had 4 spell levels left.
You knew the following spells:

 Your Spells              Type           Power        Failure   Level  Hunger
a - Beastly Appendage     Tmut           ###...       2%          1    None
b - Sticks to Snakes      Tmut           ###.....     3%          2    #......
c - Spider Form           Tmut/Pois      ##........   12%         3    ##.....
d - Blade Hands           Tmut           ###.......   54%         5    ######.


Dungeon Overview and Level Annotations

Branches:
Dungeon (3/15)

Altars:
Nemelex Xobeh
Okawaru
Ru

Annotations:
D:3 Grinder


Innate Abilities, Weirdness & Mutations

Your experience applies equally to all skills.
You have very sharp teeth.
Your uncanny sense of smell can sniff out nearby items.


Message History

Grinder struggles to blink free from constriction.
Your ball python bites Grinder but does no damage.
Your ball python constricts Grinder.
Grinder completely misses you.
Unknown command.
You barely miss Grinder. You punch Grinder.
Grinder is almost dead.
Your ball python bites Grinder but does no damage.
Your ball python constricts Grinder.
Grinder hits your ball python!
Your ball python dies!
Grinder shouts!
Unknown command.
You completely miss Grinder. You bite Grinder, but do no damage.
Grinder is almost dead.
Grinder gestures at you.
You suddenly lose the ability to move!
Grinder hits you.
You writhe in agony.
* * * LOW HITPOINT WARNING * * *
Grinder hits you!
* * * LOW HITPOINT WARNING * * *
You writhe in agony.
You die...

#.. #.### #.# ######...# #.#
.###
.........#######.####....
.#####.)................% .#
#.)##............... [##
#..##.#####..#...... .
).####..##.# ##......... ..
).......##.####.@...........
..####.....).....5###.......
.## ##....####..#.## .....
)########### #...##.##......
........ ...#.###........
####.... .......##.####....
## ####...#.# . .# .. #..#.#
.#... ....


You could see Grinder.

Vanquished Creatures
  2 orc priests
  Jessica (D:3)
  4 adders
  2 oozes
  A worm (D:3)
  A dart slug (D:1)
  4 leopard geckos
  4 orcs (D:3)
  6 giant cockroaches
  13 goblins
  13 hobgoblins
  3 jackals (D:2)
  6 kobolds
  A quokka (D:2)
  9 bats
  5 frilled lizards
  3 rats
78 creatures vanquished.

Vanquished Creatures (collateral kills)
  An orc wizard (D:3)
  Robin (D:3)
  2 adders (D:2)
  An orc (D:3)
  2 goblins (D:3)
  2 jackals (D:3)
  A bat (D:3)
10 creatures vanquished.

Grand Total: 88 creatures vanquished

Notes
Turn   | Place    | Note
-------+----------+-------------------------------------------
     0 | D:1      | torrenera the Gnoll Transmuter began the quest for the Orb.
     0 | D:1      | Reached XP level 1. HP: 17/17 MP: 6/6
   155 | D:1      | Reached XP level 2. HP: 13/23 MP: 5/7
   162 | D:1      | Learned a level 2 spell: Sticks to Snakes
   487 | D:1      | Reached XP level 3. HP: 23/28 MP: 7/9
   511 | D:1      | Reached skill level 5 in Spellcasting
   522 | D:1      | Learned a level 3 spell: Spider Form
   820 | D:1      | Reached skill level 1 in Invocations
  1158 | D:2      | Reached skill level 1 in Short Blades
  1158 | D:2      | Reached skill level 1 in Long Blades
  1158 | D:2      | Reached skill level 1 in Axes
  1158 | D:2      | Reached skill level 1 in Maces & Flails
  1158 | D:2      | Reached skill level 1 in Polearms
  1158 | D:2      | Reached skill level 1 in Staves
  1158 | D:2      | Reached skill level 1 in Slings
  1158 | D:2      | Reached skill level 1 in Bows
  1158 | D:2      | Reached skill level 1 in Crossbows
  1158 | D:2      | Reached skill level 1 in Throwing
  1158 | D:2      | Reached skill level 1 in Armour
  1158 | D:2      | Reached skill level 1 in Stealth
  1158 | D:2      | Reached skill level 1 in Shields
  1158 | D:2      | Reached skill level 1 in Evocations
  1224 | D:2      | Found an iron altar of Okawaru.
  1232 | D:2      | Became a worshipper of Warmaster Okawaru
  1265 | D:2      | Reached XP level 4. HP: 33/34 MP: 11/11
  1694 | D:2      | Reached skill level 1 in Conjurations
  1694 | D:2      | Reached skill level 1 in Hexes
  1694 | D:2      | Reached skill level 1 in Charms
  1694 | D:2      | Reached skill level 1 in Summonings
  1694 | D:2      | Reached skill level 1 in Necromancy
  1694 | D:2      | Reached skill level 1 in Translocations
  1694 | D:2      | Reached skill level 1 in Fire Magic
  1694 | D:2      | Reached skill level 1 in Ice Magic
  1694 | D:2      | Reached skill level 1 in Air Magic
  1694 | D:2      | Reached skill level 1 in Earth Magic
  1694 | D:2      | Reached skill level 1 in Poison Magic
  1966 | D:2      | Found a sacrificial altar of Ru.
  2240 | D:3      | Found a sparkling altar of Nemelex Xobeh.
  2257 | D:3      | Noticed Jessica
  2258 | D:3      | Noticed Robin
  2490 | D:2      | Reached XP level 5. HP: 40/40 MP: 8/12
  2934 | D:3      | Learned a level 5 spell: Blade Hands
  2940 | D:3      | Killed Jessica
  2940 | D:3      | Reached * piety under Okawaru
  2986 | D:3      | Reached XP level 6. HP: 42/47 MP: 7/13
  3019 | D:3      | Killed Robin
  3157 | D:3      | Noticed Grinder
  3173 | D:3      | Paralysed by Grinder for 6 turns
  3322 | D:3      | Paralysed by Grinder for 6 turns
  3323 | D:3      | Slain by Grinder

Vault maps used:
D:1:      wheals_arrival_linesprint, minmay_misc_feat_iff
D:2:      minmay_wonky_spiral, nicolae_ru_awakened_eye, okawaru_gym_becter
D:3:      nemelex_xobeh_ov_fountains_minmay, first_ration,
          minmay_misc_feat_enclosed, grunt_ministairs_11, lemuel_tele_altar,
          uniq_jessica, uniq_robin, uniq_grinder

Skill      XL: |  1  2  3  4  5 |
---------------+----------------+-----
Spellcasting   | 5 |  5.3
Invocations    | 1 2 |  2.0
Short Blades   | 1 |  1.8
Long Blades    | 1 |  1.8
Axes           | 1 |  1.8
Maces & Flails | 1 |  1.8
Polearms       | 1 |  1.8
Staves         | 1 |  1.8
Slings         | 1 |  1.8
Bows           | 1 |  1.8
Crossbows      | 1 |  1.8
Throwing       | 1 |  1.8
Armour         | 1 |  1.8
Stealth        | 1 |  1.8
Shields        | 1 |  1.8
Evocations     | 1 |  1.8
Conjurations   | 1 |  1.4
Hexes          | 1 |  1.4
Charms         | 1 |  1.4
Summonings     | 1 |  1.4
Necromancy     | 1 |  1.4
Translocations | 1 |  1.4
Fire Magic     | 1 |  1.4
Ice Magic      | 1 |  1.4
Air Magic      | 1 |  1.4
Earth Magic    | 1 |  1.4
Poison Magic   | 1 |  1.4
Fighting       | 3 |  3.1
Transmutations | 4 |  4.0
Dodging        | |  4.9
Unarmed Combat | |  6.8

Action                   |  1- 3 |  4- 6 || total
-------------------------+-------+-------++-------
Melee: Mace              |    80 |       ||    80
       Headbutt          |     4 |     2 ||     6
       Bite              |     7 |    11 ||    18
       Kick              |     6 |     8 ||    14
       Short sword       |     9 |    57 ||    66
       Punch             |     1 |     3 ||     4
       War axe           |       |    72 ||    72
Throw: Stone             |     2 |    20 ||    22
       Tomahawk          |       |     2 ||     2
 Cast: Beastly Appendage |    15 |     6 ||    21
       Sticks to Snakes  |     2 |    24 ||    26
  Use: Scroll            |       |     6 ||     6
 Stab: Sleeping          |     1 |     6 ||     7
       Distracted        |       |     1 ||     1
  Eat: Chunk             |     1 |     7 ||     8
Armor: Robe              |    19 |    23 ||    42
Dodge: Dodged            |    84 |   138 ||   222

Table legend:
 A = Spawn XP
 B = Non-spawn XP
 C = Spawn XP percentage of total XP
 D = Spawn monster count
 E = Non-spawn monster count
 F = Spawn count percentage of total count
 G = Total turns spent on level
                    A         B        C        D         E        F      G
               +---------+---------+-------+---------+---------+-------+---------
         Total |       0 |     375 |   0.0 |       0 |      88 |   0.0 |  3323
               +---------+---------+-------+---------+---------+-------+---------
           D:1 |       0 |      65 |   0.0 |       0 |      31 |   0.0 |  1088
           D:2 |       0 |     113 |   0.0 |       0 |      23 |   0.0 |  1416
           D:3 |       0 |     197 |   0.0 |       0 |      34 |   0.0 |   819
               +---------+---------+-------+---------+---------+-------+---------
